Map: Romanticide LE

Players

TLHarstem (Harstem)

  • Race: Protoss Protoss
  • League: Master
  • Spawn Location: 11:00

MaxPax - Winner!

  • Race: Protoss Protoss
  • League: Grandmaster
  • Spawn Location: 5:00

Event: DreamHack SC2 Masters 2020 Winter

VOD

Have the link to the VOD?

Description

Time

  • Played on: Nov. 1, 2020, 11:19 a.m.
  • Length: 5:20

All games in this series

Show
View Real Time Build Order
Export as new Build Order

TLHarstem Protoss 

Build Orders:  

Get SALT Encoding   

  12  0:00  Probe  
  13  0:12  Probe  
  14  0:17  Pylon  
  14  0:24  Probe  
  15  0:35  Gateway  
  15  0:37  Probe (Chrono Boost)  
  16  0:47  Assimilator, Probe (Chrono Boost)  
  17  0:52  Probe (Chrono Boost)  
  18  1:01  Assimilator  
  18  1:03  Probe (Chrono Boost)  
  19  1:10  Gateway  
  19  1:14  Probe (Chrono Boost)  
  20  1:19  Probe (Chrono Boost)  
  20  1:25  Cybernetics Core  
  21  1:30  Probe  
  22  1:42  Probe  
  22  1:43  Pylon  
  24  2:01  Gateway  
  24  2:04  Stalker, Warp Gate (Chrono Boost)  
  24  2:05  Stalker  
  27  2:15  Pylon  
  28  2:34  Stalker  
  28  2:35  Stalker  
  31  2:48  Stalker  
  33  3:01  Shield Battery  
  33  3:05  Pylon  
  33  3:10  Stalker x2  
  37  3:19  Probe  
  38  3:20  Shield Battery  
  38  3:36  Shield Battery  
  38  3:41  Probe  
  39  3:51  Stalker x2  
  39  3:53  Robotics Facility  
  39  3:55  Stalker  
  44  4:04  Pylon  
  44  4:07  Probe  
  45  4:21  Sentry x2  
  47  4:25  Stalker  
  47  4:26  Probe  
  50  4:39  Probe  
  49  4:51  Stalker  
  49  4:52  Stalker, Zealot  
  55  4:55  Pylon  
Show
View Real Time Build Order
Export as new Build Order

MaxPax Protoss - Winner!

Build Orders:  

Get SALT Encoding   

  12  0:00  Probe  
  13  0:12  Probe  
  14  0:17  Pylon  
  14  0:24  Probe (Chrono Boost)  
  15  0:37  Probe (Chrono Boost)  
  15  0:39  Gateway  
  16  0:43  Probe (Chrono Boost)  
  16  0:46  Assimilator  
  17  0:51  Probe  
  17  0:56  Assimilator  
  18  1:03  Probe (Chrono Boost)  
  19  1:08  Gateway  
  19  1:14  Probe (Chrono Boost)  
  20  1:19  Probe (Chrono Boost)  
  21  1:26  Cybernetics Core  
  21  1:29  Probe  
  22  1:37  Pylon  
  22  1:41  Probe  
  23  1:55  Probe  
  23  1:57  Pylon  
  23  2:00  Warp Gate (Chrono Boost)  
  24  2:02  Adept x2  
  28  2:11  Probe  
  29  2:32  Adept x2  
  32  2:46  Robotics Facility  
  32  3:02  Adept x2  
  34  3:17  Shield Battery  
  34  3:25  Nexus  
  34  3:36  Immortal (Chrono Boost)  
  37  3:42  Sentry  
  37  3:44  Sentry  
  39  3:51  Pylon  
  38  3:59  Probe  
  39  4:11  Sentry x2  
  41  4:19  Immortal (Chrono Boost)  
  45  4:28  Pylon  
  45  4:37  Sentry  
  47  4:39  Probe x2  
  49  4:47  Adept  
  49  5:05  Sentry  
  53  5:08  Probe  
  54  5:17  Adept  
Tags
 
Add a new tag
Caveats
  • Supply blocks, unpowered buildings, or Contaminate may cause inaccurate times.
  • Supply counts are checked every 10 seconds.